 Dungeon Crawl Stone Soup version 0.22-a0-603-gfc1114d (webtiles) character file.

25 Amnesiac the Magician (level 2, 0/15 HPs)
             Began as a Deep Elf Wizard on July 8, 2018.
             Killed from afar by an orc wizard (5 damage)
             ... with a magic dart
             ... on level 3 of the Dungeon.
             The game lasted 00:01:28 (738 turns).

Amnesiac the Magician (Deep Elf Wizard)              Turns: 738, Time: 00:01:29

Health: 0/15       AC: -3    Str:  4    XL:     2   Next: 86%
Magic:  2/9        EV: 13    Int: 22    God:
Gold:   45         SH:  0    Dex: 13    Spells: 5/10 levels left

rFire    . . .     SeeInvis .   (no weapon)
rCold    . . .     Gourm    .   (no shield)
rNeg     . . .     Faith    .   a - +0 robe
rPois    .         Spirit   .   (no helmet)
rElec    .         Reflect  .   (no cloak)
rCorr    .         Harm     .   (no gloves)
MR       .....                  (no boots)
Stlth    ++........             (no amulet)
HPRegen  0.05/turn              f - -5 ring of protection (curse)
MPRegen  0.11/turn              (no ring)

@: no status effects
A: no striking features
a: no special abilities


You were on level 3 of the Dungeon.
You were not hungry.

You visited 1 branch of the dungeon, and saw 3 of its levels.

You collected 45 gold pieces.

Inventory:

Armour
 a - a +0 robe (worn)
Jewellery
 f - a cursed -5 ring of protection (left hand)
Scrolls
 b - a scroll of blinking {!r}
 g - a scroll of enchant armour {!r}
Comestibles
 c - a chunk of flesh
 d - 4 rations


   Skills:
 - Level 2.4 Dodging
 - Level 2.4 Stealth
 - Level 4.5 Spellcasting
 * Level 3.1 Conjurations
 - Level 1.1 Summonings
 - Level 1.1 Translocations


You had 5 spell levels left.
You knew the following spells:

 Your Spells              Type           Power        Failure   Level  Hunger
a - Magic Dart            Conj           ###.         3%          1    None
b - Call Imp              Summ           #.......     11%         2    #......
v - Blink                 Tloc           N/A          11%         2    #......

Your spell library contained the following spells:

 Spells                   Type           Power        Failure   Level  Hunger
 Conjure Flame            Conj/Fire      ##......     17%         3    ##.....
 Slow                     Hex            #.......     16%         2    #......
 Mephitic Cloud           Conj/Pois/Air  #.......     21%         3    ##.....


Dungeon Overview and Level Annotations

Branches:
Dungeon (3/15)

Altars:

Annotations:
D:2 Robin, Terence


Message History

Orders for allies: a - Attack new target. r - Retreat! s - Stop attacking. g - Guard the area. f - Follow me.
Anything else - Cancel.
Gang up on whom?
Press: ? - help, Dir - move target cursor, f - orc
Aim: an orc Attack!
Your white imp gestures at the orc.
The puff of frost hits the orc.
The orc dies!
Your crimson imp blinks!
You start resting.
Your crimson imp disappears in a puff of smoke!
The orc wizard is too close now for your liking.
What are your orders? t - Shout!
Orders for allies: a - Attack new target. r - Retreat! s - Stop attacking. g - Guard the area. f - Follow me.
Anything else - Cancel.
Gang up on whom?
Press: ? - help, Dir - move target cursor, f - orc wizard
Aim: an orc wizard, wielding a dagger and wearing a robe Attack!
The orc wizard casts a spell at you. The magic dart hits you!
* * * LOW HITPOINT WARNING * * *
Your white imp gestures at the orc wizard.
The puff of frost hits the orc wizard.
The orc wizard mumbles some strange words.
The orc wizard seems to speed up.
The orc wizard barely misses your white imp.
Your white imp freezes the orc wizard.
The orc wizard hits your white imp but does no damage.
Your white imp disappears in a puff of smoke!
The orc wizard completely misses you.
Casting: Magic Dart (safe; 3% risk of failure)
Confirm with . or Enter, or press ? or * to list all spells.
A beastly little devil appears in a puff of flame.
The orc wizard hits you with a dagger.
* * * LOW HITPOINT WARNING * * *
Unknown command.
The orc wizard closely misses you. The orc wizard barely misses you.
You swap places.
The orc wizard barely misses your crimson imp.
You aren't carrying any potions.
Really read
e - 2 scrolls labeled PIRODE ENTENOMITI {!r}?
As you read the scroll labeled PIRODE ENTENOMITI {!r}, it crumbles to dust.
It is a scroll of identify.
g - a scroll of enchant armour {!r} The orc wizard completely misses your crimson imp.
The orc wizard hits your crimson imp but does no damage.
Really read
e - a scroll of identify {!r}?
As you read the scroll of identify {!r}, it crumbles to dust.
b - a scroll of blinking {!r} The orc wizard hits your crimson imp with a dagger.
Your crimson imp blinks!
Put on which piece of jewellery? (? for menu, Esc to quit)
Oops, that ring feels deathly cold.
f - a cursed -5 ring of protection (left hand)
The orc wizard points at you and mumbles some strange words.
The magic dart hits you!
You die...

#....(##.#.>
#...........
#.......###.#
#...........#
#...)..#####
#...(()###...
#.....o.....#
#....ยง####.##
#....@'.....#
#..5..#######
#.....#
#######


You could see an orc wizard and a friendly crimson imp.

Vanquished Creatures
  A dart slug (D:1)
  A leopard gecko (D:1)
  3 bats (D:1)
  2 giant cockroaches (D:1)
  A hobgoblin (D:1)
  A ball python (D:1)
  A frilled lizard (D:1)
  4 goblins
  A rat (D:1)
15 creatures vanquished.

Vanquished Creatures (collateral kills)
  4 orcs (D:3)
  A hobgoblin (D:3)
5 creatures vanquished.

Grand Total: 20 creatures vanquished

Notes
Turn   | Place    | Note
-------+----------+-------------------------------------------
     0 | D:1      | Amnesiac the Deep Elf Wizard began the quest for the Orb.
     0 | D:1      | Reached XP level 1. HP: 10/10 MP: 7/7
   251 | D:1      | Reached XP level 2. HP: 15/15 MP: 4/9
   258 | D:1      | Learned a level 2 spell: Blink
   261 | D:1      | Learned a level 2 spell: Call Imp
   336 | D:2      | Noticed Terence
   695 | D:2      | Noticed Robin
   738 | D:3      | Killed from afar by an orc wizard

Vault maps used:
D:1:      scummos_arrival_hexagon
D:2:      minmay_diamond_boxcup, first_ration, minmay_split_cup_small,
          uniq_terence, uniq_robin, uniq_crazy_yiuf_cottage
D:3:      serial_forest, infiniplex_forest_straight_3,
          infiniplex_forest_diagonal, infiniplex_forest_diagonal,
          infiniplex_forest_end_1, infiniplex_forest_3_way,
          infiniplex_forest_straight_5, grunt_decor_clamped

Skill      XL: |  1  2 |
---------------+-------+-----
Conjurations   | 2 3 |  3.1
Dodging        | |  2.4
Stealth        | |  2.4
Spellcasting   | |  4.5
Summonings     | |  1.1
Translocations | |  1.1

Action                   || total
-------------------------++-------
Melee: Unarmed           ||     8
 Cast: Magic Dart        ||    38
       Call Imp          ||     6
  Use: Scroll            ||     2
Armor: Robe              ||     4
Dodge: Dodged            ||    17

Table legend:
 A = Spawn XP
 B = Non-spawn XP
 C = Spawn XP percentage of total XP
 D = Spawn monster count
 E = Non-spawn monster count
 F = Spawn count percentage of total count
 G = Total turns spent on level
                    A         B        C        D         E        F      G
               +---------+---------+-------+---------+---------+-------+---------
         Total |       0 |      37 |   0.0 |       0 |      20 |   0.0 |   738
               +---------+---------+-------+---------+---------+-------+---------
           D:1 |       0 |      26 |   0.0 |       0 |      14 |   0.0 |   643
           D:3 |       0 |      11 |   0.0 |       0 |       6 |   0.0 |    39
               +---------+---------+-------+---------+---------+-------+---------
